 Dungeon Crawl Stone Soup version 0.29.1-1-gd02db6906a (webtiles) character file.

Game seed: 5079871995207558879

72216 mtoz the Covert (level 15, -7/64 HPs)
             Began as a Gargoyle Earth Elementalist on Sept 27, 2022.
             Was a High Priest of Hepliaklqana.
             Mangled by Rupert
             ... wielding a +4 triple sword of venom
              (31 damage)
             ... on level 12 of the Dungeon on Sept 29, 2022.
             The game lasted 02:41:53 (28410 turns).

mtoz the Covert (Gargoyle Earth Elementalist)      Turns: 28410, Time: 02:41:53

Health: -7/64      AC: 27    Str: 18    XL:     15   Next: 39%
Magic:  30/38      EV: 17    Int: 26    God:    Hepliaklqana [*****.]
Gold:   1399       SH:  0    Dex: 15    Spells: 21/35 levels left

rFire   + . .      SeeInvis .   (no weapon)
rCold   . . .      Faith    .   n - orb {light}
rNeg    + . .      Spirit   .   l - +3 robe of the Ward {MP+9 Str+6}
rPois   ∞          Reflect  .   t - +2 helmet
rElec   +          Harm     .   M - +2 cloak {Will+}
rCorr   .          Rampage  .   J - +2 pair of gloves {Stlth+}
Will    +++..                   (no boots)
Stlth   +++.......              x - amulet "Faodeega" {RegenMP Drain Int+3 Dex+5}
HPRegen 0.20/turn               S - ring of protection from fire
MPRegen 0.66/turn               U - ring "Exzir" {+Blink Will+}

@: flying, glowing
A: reduced essence, sickness immunity, AC +11, big wings, negative energy
resistance 1, electricity resistance, torment resistance 1, petrification
resistance, talons 1, iridescent scales 1
a: Renounce Religion, Evoke Blink, Recall Ancestor, Ancestor Identity,
Transference, Idealise


You were on level 12 of the Dungeon.
You worshipped Hepliaklqana.
Hepliaklqana was extremely pleased with you.
You visited 4 branches of the dungeon, and saw 20 of its levels.

You collected 2954 gold pieces.
You spent 1555 gold pieces at shops.

Inventory:

Hand Weapons
 w - a +5 dire flail of protection
Missiles
 y - 5 throwing nets
Armour
 l - the +3 robe of the Ward (worn) {MP+9 Str+6}
   (You found it on level 2 of the Dungeon)

   Str:       It affects your strength (+6).
   MP:        It affects your magic capacity (+9).
 n - an orb of light (worn)
 t - a +2 helmet (worn)
 A - a +1 ring mail of fire resistance
 B - a +2 robe of fire resistance
 D - the +3 leather armour of Grace {Contam rElec rPois SInv}
   (You found it on level 7 of the Dungeon)

   rElec:     It insulates you from electricity.
   rPois:     It protects you from poison.
   SInv:      It lets you see invisible.
   Contam:    It causes magical contamination when unequipped.
 E - +0 swamp dragon scales
 H - a +1 cloak
 I - a +0 robe of willpower
 J - a +2 pair of gloves of stealth (worn)
 K - a +0 troll leather armour
 M - a +2 cloak of willpower (worn)
 N - a +2 robe
 V - the +9 scales of the Dragon King {rPois rF+ rC+ Will+}
   (You found it on level 11 of the Dungeon)

   rF:        It protects you from fire.
   rC:        It protects you from cold.
   rPois:     It protects you from poison.
   Will:      It increases your willpower.
Jewellery
 x - the amulet "Faodeega" (around neck) {RegenMP Drain Int+3 Dex+5}
   (You bought it in a shop on level 2 of the Orcish Mines)

   [amulet of magic regeneration]

   It increases your rate of magic regeneration.
   Int:       It affects your intelligence (+3).
   Dex:       It affects your dexterity (+5).
   Drain:     It drains your maximum health when unequipped.
 z - an amulet of guardian spirit
 S - a ring of protection from fire (left hand)
 U - the ring "Exzir" (right hand) {+Blink Will+}
   (You found it on level 11 of the Dungeon)

   [ring of willpower]

   +Blink:    It lets you blink.
   Will:      It increases your willpower.
 W - a ring of ice
Wands
 v - a wand of acid (7)
Scrolls
 c - a scroll of silence
 d - 13 scrolls of teleportation
 f - 3 scrolls of noise
 j - 4 scrolls of vulnerability
 m - 2 scrolls of fear
 o - 3 scrolls of magic mapping
 q - 3 scrolls of poison
 s - 2 scrolls of butterflies
 u - 3 scrolls of immolation
 F - 2 scrolls of enchant weapon
 G - a scroll of torment
 L - 4 scrolls of amnesia
 O - 8 scrolls of identify
 R - 2 scrolls of blinking
Potions
 a - 4 potions of flight
 b - a potion of magic
 e - 3 potions of brilliance
 g - 5 potions of lignification
 h - 4 potions of attraction
 i - 2 potions of might
 k - a potion of invisibility
 p - 3 potions of degeneration
 r - 11 potions of curing
 C - 4 potions of mutation
 P - 2 potions of haste
 Q - a potion of cancellation
 T - 4 potions of heal wounds


   Skills:
 + Level 9.5 Dodging
 + Level 13.2 Stealth
 + Level 10.5 Spellcasting
 - Level 9.3 Conjurations
 + Level 7.0 Translocations
 - Level 7.3 Transmutations
 - Level 11.0 Earth Magic
 + Level 11.0 Invocations


You had 21 spell levels left.
You knew the following spells:

 Your Spells              Type           Power      Damage    Failure   Level
a - Sandblast             Erth           100%       2d20      1%          1
b - Passwall              Tmut/Erth      47%        N/A       1%          2
c - Blink                 Tloc           100%       N/A       1%          2
d - Stone Arrow           Conj/Erth      100%       3d13      1%          3
e - Static Discharge      Conj/Air       38%        3-8/arc   1%          2
f - Petrify               Tmut/Erth      57%        N/A       1%          4

Your spell library contained the following spells:

 Spells                   Type           Power      Damage    Failure   Level
 Gell's Gravitas          Tloc           50%        N/A       1%          3
 Lesser Beckoning         Tloc           50%        N/A       1%          3
 Teleport Other           Tloc           50%        N/A       1%          3
 Animate Armour           Summ/Erth      84%        N/A       4%          4
 Sticky Flame             Conj/Fire      38%        2d6       6%          4
 Manifold Assault         Tloc           50%        N/A       7%          5
 Freezing Cloud           Conj/Ice/Air   15%        6-21      32%         5
 Cause Fear               Hex            6%         N/A       41%         4
 Corpse Rot               Necr/Pois/Air  13%        N/A       41%         4
 Dispel Undead            Necr           13%        3d9       41%         4
 Metabolic Englaciation   Hex/Ice        6%         N/A       77%         5
 Dragon Form              Tmut           25%        N/A       88%         7
 Lehudib's Crystal Spear  Conj/Erth      30%        10d8      99%         8
 Death Channel            Necr           6%         N/A       100%        6
 Simulacrum               Ice/Necr       6%         N/A       100%        6
 Storm Form               Tmut/Air       16%        N/A       100%        7
 Dragon's Call            Summ           6%         N/A       100%        9
 Polar Vortex             Ice            6%         N/A       100%        9
 Statue Form              Tmut/Erth      Unusable   N/A       N/A         6

Dungeon Overview and Level Annotations

Branches:
Dungeon (12/15)            Temple (1/1) D:5            Lair (5/5) D:10
 Shoals (0/4) Lair:2        Snake (0/4) Lair:3        Slime (0/5) Lair:4
    Orc (2/2) D:10            Elf (0/3) Orc:2

Altars:
Ashenzari
Cheibriados
Dithmenos
Elyvilon
Fedhas
Gozag
Hepliaklqana
Kikubaaqudgha
Makhleb
Nemelex Xobeh
Okawaru
Qazlal
Ru
Sif Muna
Trog
Uskayaw
Vehumet
Wu Jian
Xom
Yredelemnul
Zin
The Shining One
Jiyva

Shops:
D:1 ?   D:2 (   D:7 !!!*   Orc:2 *(**

Annotations:
D:12 Rupert


Innate Abilities, Weirdness & Mutations

Your life essence is reduced to manifest your ancestor. (-10% HP)
You are immune to sickness and miasma.
Your stone body is resilient. (AC +11)
You are immune to poison.
Your large and strong wings let you fly.
You resist negative energy. (rN+)
You are resistant to electric shocks. (rElec)
You are resistant to unholy torment.
You are immune to petrification.
You have sharp toenails.
You are partially covered in iridescent scales. (AC +2)


Message History

Rupert hits you with a +4 triple sword of venom!
Aiming: Petrify (dangerous; 1% risk of failure)
Press: ? - help, Shift-Dir - straight line, f/p - Rupert
Aim: Rupert, wielding a +4 triple sword of venom and wearing a +0 ring mail (lightly wounded, ally target, haloed, chance to affect: 12%) Rupert resists with almost no effort.
Wolf hits Rupert with a +0 broad axe of flaming!
Wolf burns Rupert.
A cyan ugly thing comes into view.
Rupert hits you with a +4 triple sword of venom.
Aiming: Petrify (dangerous; 1% risk of failure)
Press: ? - help, Shift-Dir - straight line, f/p - Rupert
Aim: Rupert, wielding a +4 triple sword of venom and wearing a +0 ring mail (lightly wounded, ally target, haloed, chance to affect: 12%)
Okay, then.
Aiming: Stone Arrow (safe; 1% risk of failure)
Press: ? - help, Q - select action, (/) - cycle Shift-Dir - straight line, f/p - Rupert
Aim: Rupert, wielding a +4 triple sword of venom and wearing a +0 ring mail (lightly wounded, ally target, haloed, 86% to hit)
The stone arrow hits Rupert!!
Rupert is moderately wounded.
Rupert closely misses you.
Wolf hits Rupert with a +0 broad axe of flaming!
Wolf burns Rupert.
Aiming: Stone Arrow (safe; 1% risk of failure)
Press: ? - help, Q - select action, (/) - cycle Shift-Dir - straight line, f/p - Rupert
Aim: Rupert, wielding a +4 triple sword of venom and wearing a +0 ring mail (heavily wounded, ally target, haloed, 86% to hit)
The stone arrow hits Rupert!
Rupert is heavily wounded.
Wolf barely misses Rupert.
Rupert barely misses you.
Wolf closely misses Rupert.
Rupert roars madly and goes into a rage!
Rupert goes berserk!
Rupert rages.
Rupert hits you with a +4 triple sword of venom!!!
Ouch! That really hurt!
* * * LOW HITPOINT WARNING * * *
Okay, then.
You blink.
There is a stone staircase leading up here.
You feel much better.
Rupert hits you with a +4 triple sword of venom!!
You die...

#.# #.. #..#
#...### ##....####
#........# #.....#
##@..# . #.@..#
###.. #.#..# ....
#.#§.##.#.#
#####..R....#.####
......#.u........
#..........#..#
/............##
.....#........#...


You could see the friendly Wolf the knight, Rupert (berserk, ally target) and a
cyan ugly thing.

Vanquished Creatures
  Nessos (Lair:3)
  Snorg (Orc:2)
  An ettin (Orc:2)
  Harold (D:11)
  13 hydras
  4 boulder beetles
  2 two-headed ogres
  4 death yaks (Lair:3)
  2 orc high priests (Orc:2)
  Nergalle (Orc:1)
  A lindwurm (Lair:2)
  6 orc knights
  Pikel (D:7)
  4 orc sorcerers (Orc:2)
  A manticore (D:11)
  3 elephants (Lair:4)
  6 black mambas
  A merfolk siren (Lair:2)
  Joseph (Lair:1)
  Maggie (D:6)
  7 cane toads
  A kobold demonologist (D:11)
  2 unseen horrors
  9 komodo dragons
  A komodo dragon (shapeshifter) (D:11)
  3 rime drakes
  3 trolls
  7 polar bears
  Prince Ribbit (D:9)
  3 hornets (Lair:5)
  8 blink frogs
  6 dream sheep
  A shadow (D:11)
  3 wraiths (D:10)
  A vampire (D:11)
  3 wyverns
  25 yaks
  9 spriggans (Lair:5)
  8 basilisks
  3 steam dragons
  Menkaure (D:4)
  A warg (Orc:2)
  A water moccasin (shapeshifter) (D:11)
  An acid dragon (D:9)
  24 water moccasins
  Edmund (D:3)
  Duvessa (D:4)
  11 orc warriors
  2 sky beasts
  2 ice beasts (D:7)
  30 wolves
  7 black bears
  3 ogres
  3 boggarts (Lair:5)
  4 lemures (D:7)
  A centaur (D:5)
  2 phantoms
  Blork the orc (D:6)
  2 kobold brigands
  7 bullfrogs
  2 gnoll sergeants
  2 scorpions
  Dowan (D:4)
  6 wights
  4 killer bees
  An electric eel (D:8)
  5 howler monkeys
  3 jellies
  2 gnoll boudas
  16 orc priests
  Natasha (thrice) (D:2)
  2 iguanas
  12 orc wizards
  6 hell rats
  2 human simulacra (D:11)
  A mummy (D:3)
  Robin (D:3)
  24 gnolls
  5 adders
  A white imp (D:6)
  3 worms
  A dart slug (D:1)
  41 orcs
  8 endoplasms
  2 giant cockroaches
  30 goblins
  15 hobgoblins
  3 quokkas
  3 ball pythons
  4 bats
  5 frilled lizards
  22 kobolds
  10 rats
  A butterfly (Lair:2)
511 creatures vanquished.

Vanquished Creatures (collateral kills)
  Josephine (D:10)
  A hydra (Lair:5)
  3 boulder beetles
  A two-headed ogre (D:11)
  A death yak (Lair:3)
  An orc high priest (Orc:2)
  An ugly thing (D:9)
  An orc sorcerer (Orc:2)
  A manticore (D:11)
  3 elephants
  A cane toad (Lair:1)
  3 komodo dragons
  2 trolls
  A polar bear (Lair:5)
  2 hornets (Lair:5)
  A slime creature (Lair:4)
  2 dream sheep (Lair:4)
  A wraith (D:10)
  3 spriggans (Lair:5)
  A shadow (D:10)
  9 yaks
  3 basilisks
  2 wargs (Orc:2)
  2 vampire mosquitoes (D:11)
  5 water moccasins
  2 orc warriors
  10 wolves
  A boggart (Lair:5)
  2 bullfrogs
  3 orc priests (Orc:2)
  A jelly (Lair:4)
  An orc wizard (Orc:1)
  3 gnolls
  4 orcs
  A butterfly (Lair:2)
80 creatures vanquished.

Vanquished Creatures (others)
  9 knights
  53 fungi
  67 plants
129 creatures vanquished.

Grand Total: 720 creatures vanquished

Notes
Turn   | Place    | Note
-------+----------+-------------------------------------------
     0 | D:1      | mtoz the Gargoyle Earth Elementalist began the quest for
                  | the Orb.
     0 | D:1      | Reached XP level 1. HP: 10/10 MP: 3/3
   238 | D:1      | Found Kietaco's Magic Scroll Boutique.
   241 | D:1      | Reached skill level 1 in Transmutations
   241 | D:1      | Reached XP level 2. HP: 15/15 MP: 3/5
  1173 | D:2      | Reached XP level 3. HP: 19/19 MP: 4/6
  1271 | D:2      | Identified the +3 robe of the Ward {MP+9 Str+6}
  1275 | D:2      | Noticed Natasha
  1280 | D:2      | Killed Natasha
  1288 | D:2      | Noticed Natasha
  1294 | D:2      | Killed Natasha
  1295 | D:2      | Reached skill level 3 in Stealth
  1295 | D:2      | Reached skill level 1 in Conjurations
  1295 | D:2      | Reached XP level 4. HP: 21/24 MP: 0/7
  1809 | D:2      | Noticed Natasha
  1812 | D:2      | Killed Natasha
  1813 | D:2      | Reached XP level 5. HP: 28/28 MP: 6/8
  2020 | D:2      | Found Acohiofu's Weapon Shop.
  2494 | D:3      | Found a snail-covered altar of Cheibriados.
  2574 | D:3      | Found a faded altar of an unknown god.
  2999 | D:3      | You fall into a shaft and drop 2 floors!
  2999 | D:5      | Entered Level 5 of the Dungeon
  3001 | D:5      | Found a broken altar of Ashenzari.
  3053 | D:4      | Noticed Edmund
  3124 | D:3      | Noticed Robin
  3220 | D:3      | Killed Robin
  3828 | D:4      | Reached XP level 6. HP: 32/32 MP: 10/10
  3862 | D:4      | Noticed Duvessa
  3862 | D:4      | Noticed Dowan
  4194 | D:4      | Noticed Menkaure
  4457 | D:3      | Learned a level 2 spell: Passwall
  4460 | D:3      | Learned a level 2 spell: Blink
  4464 | D:3      | Learned a level 3 spell: Stone Arrow
  4506 | D:4      | Killed Menkaure
  4507 | D:4      | Reached skill level 4 in Stealth
  4507 | D:4      | Reached skill level 5 in Earth Magic
  4964 | D:4      | Noticed a two-headed ogre
  4969 | D:4      | Killed a two-headed ogre
  4970 | D:4      | Reached XP level 7. HP: 23/36 MP: 1/13
  4970 | D:4      | Reached XP level 8. HP: 26/41 MP: 1/14
  5221 | D:4      | Reached skill level 5 in Stealth
  5249 | D:4      | Killed Duvessa
  5257 | D:4      | Killed Dowan
  5680 | D:3      | Killed Edmund
  5899 | D:5      | Found a staircase to the Ecumenical Temple.
  7070 | D:5      | Reached XP level 9. HP: 43/45 MP: 11/16
  7235 | D:6      | Found a sparkling altar of Nemelex Xobeh.
  7236 | D:6      | Found a sacrificial altar of Ru.
  7316 | Temple   | Entered the Ecumenical Temple
  7432 | Temple   | Became a worshipper of Hepliaklqana the Forgotten
  7708 | D:6      | Reached skill level 6 in Stealth
  8346 | D:6      | Noticed Blork the orc
  8349 | D:6      | Killed Blork the orc
  8350 | D:6      | Reached skill level 5 in Spellcasting
  8350 | D:6      | Reached skill level 1 in Invocations
  8415 | D:6      | Noticed Maggie
  8424 | D:6      | Killed Maggie
  8730 | D:6      | Reached skill level 5 in Conjurations
  9228 | D:6      | Gained mutation: You are partially covered in iridescent
                  | scales. (AC +2) [potion of mutation]
  9228 | D:6      | Gained mutation: You have sharp toenails. [potion of
                  | mutation]
  9283 | D:6      | Identified a scroll of acquirement
  9284 | D:6      | Acquired 1190 gold pieces
  9433 | D:1      | Bought a scroll of identify for 28 gold pieces
  9433 | D:1      | Bought a scroll of summoning for 133 gold pieces
 10547 | D:7      | Identified the +3 leather armour of Grace {Contam rElec
                  | rPois SInv}
 10591 | D:7      | Noticed Pikel
 10597 | D:7      | Killed Pikel
 10598 | D:7      | Reached skill level 7 in Stealth
 10598 | D:7      | Reached XP level 10. HP: 50/50 MP: 8/18
 10717 | D:7      | Found Fovot's Distillery.
 10718 | D:7      | Found Pogh's Assorted Antiques.
 10719 | D:7      | Found Ysalik's Distillery.
 10719 | D:7      | Found Peuwoaqu's Distillery.
 10736 | D:7      | Bought a scroll labelled JIBRUN NAHAMO for 27 gold pieces
 10736 | D:7      | Bought a scroll labelled KICOCANKOJ for 27 gold pieces
 10736 | D:7      | Bought a scroll labelled ZAIGAFR CUF PIUZU for 27 gold
                  | pieces
 10753 | D:7      | Reached skill level 5 in Dodging
 10837 | D:7      | Reached * piety under Hepliaklqana
 11471 | D:7      | Bought a potion of heal wounds for 70 gold pieces
 11935 | D:8      | Found a white marble altar of Elyvilon.
 11938 | D:8      | Found a shadowy altar of Dithmenos.
 11991 | D:8      | Reached skill level 5 in Transmutations
 12470 | D:1      | Bought a scroll of enchant armour for 105 gold pieces
 12872 | D:9      | Reached ** piety under Hepliaklqana
 12873 | D:9      | Remembered your ancestor Wolf as a knight
 12933 | D:9      | Noticed a green ugly thing
 12938 | D:9      | Killed a green ugly thing
 13004 | D:9      | Noticed Prince Ribbit
 13008 | D:9      | Killed Prince Ribbit
 13724 | D:10     | Entered Level 10 of the Dungeon
 13759 | D:10     | Noticed an unseen horror
 13762 | D:10     | Killed an unseen horror
 13833 | D:10     | Reached skill level 8 in Stealth
 13835 | D:10     | Reached XP level 11. HP: 48/48 MP: 19/20
 13917 | D:10     | Reached skill level 1 in Translocations
 13998 | D:10     | Found a staircase to the Orcish Mines.
 14010 | Orc:1    | Entered Level 1 of the Orcish Mines
 14656 | Orc:2    | Entered Level 2 of the Orcish Mines
 14780 | Orc:2    | Noticed Snorg
 14788 | Orc:2    | Killed Snorg
 14789 | Orc:2    | Reached skill level 5 in Invocations
 14974 | Orc:2    | Noticed an orc knight
 14983 | Orc:2    | Killed an orc knight
 15209 | Orc:2    | Reached *** piety under Hepliaklqana
 15224 | Orc:2    | Found a staircase to the Elven Halls.
 15320 | Orc:2    | Noticed an orc sorcerer
 15625 | Orc:2    | Killed an orc sorcerer
 15715 | Orc:2    | Noticed an ettin
 15724 | Orc:2    | Killed an ettin
 16117 | Orc:2    | Found Voowufes's Assorted Antiques.
 16117 | Orc:2    | Noticed an orc sorcerer
 16119 | Orc:2    | Noticed an orc sorcerer
 16120 | Orc:2    | Noticed an orc high priest
 16121 | Orc:2    | Noticed an orc knight
 16130 | Orc:2    | Noticed an orc knight
 16131 | Orc:2    | Paralysed by an orc sorcerer for 3 turns
 16346 | Orc:2    | Killed an orc knight
 16450 | Orc:2    | Noticed an orc knight
 16451 | Orc:2    | Noticed an orc high priest
 16720 | Orc:1    | Killed an orc knight
 16833 | Orc:2    | Killed an orc high priest
 16924 | Orc:2    | Killed an orc sorcerer
 16976 | Orc:2    | Noticed an orc high priest
 16982 | Orc:2    | Killed an orc high priest
 16983 | Orc:2    | Reached skill level 9 in Stealth
 16983 | Orc:2    | Reached XP level 12. HP: 42/53 MP: 21/22
 17483 | Orc:2    | Noticed a soul eater
 17627 | Orc:2    | Killed an orc high priest
 18039 | Orc:2    | Found Gouf's General Store.
 18040 | Orc:2    | Found Tidditt's General Store.
 18040 | Orc:2    | Found Zoittym's Weapon Shop.
 18052 | Orc:2    | Bought the amulet "Faodeega" {RegenMP Drain Int+3 Dex+5}
                  | for 626 gold pieces
 18134 | Orc:2    | Found Tidditt's General Store.
 18134 | Orc:2    | Found Zoittym's Weapon Shop.
 18141 | Orc:2    | Bought a pair of runed gloves for 240 gold pieces
 18368 | Orc:2    | Found a staircase to the Elven Halls.
 18839 | Orc:1    | Noticed Nergalle
 18842 | Orc:1    | Killed Nergalle
 18843 | Orc:1    | Reached skill level 10 in Earth Magic
 19234 | Orc:2    | Bought a scroll labelled OTAASY JADETINK for 32 gold pieces
 19234 | Orc:2    | Bought a glowing cloak for 240 gold pieces
 19390 | D:10     | Noticed Josephine
 19392 | D:10     | Killed Josephine
 19669 | D:10     | Found a staircase to the Lair.
 19751 | D:10     | Noticed a two-headed ogre
 19754 | D:10     | Killed a two-headed ogre
 19755 | D:10     | Reached skill level 10 in Stealth
 20066 | Lair:1   | Entered Level 1 of the Lair of Beasts
 20140 | Lair:1   | Reached XP level 13. HP: 56/56 MP: 25/25
 20311 | Lair:1   | Reached **** piety under Hepliaklqana
 20434 | Lair:1   | Noticed Joseph
 20443 | Lair:1   | Killed Joseph
 21162 | Lair:2   | Found a staircase to the Shoals.
 21698 | Lair:2   | Reached ***** piety under Hepliaklqana
 22057 | Lair:2   | Learned a level 2 spell: Static Discharge
 22237 | Lair:3   | Noticed Nessos
 22544 | Lair:3   | Killed Nessos
 22691 | Lair:3   | Reached skill level 11 in Stealth
 23242 | Lair:3   | Gained mutation: Your large and strong wings let you fly.
                  | [Gargoyle growth]
 23242 | Lair:3   | Reached XP level 14. HP: 53/61 MP: 14/27
 23702 | Lair:3   | Reached skill level 5 in Translocations
 23948 | Lair:3   | Reached skill level 12 in Stealth
 24199 | Lair:3   | Found a staircase to the Snake Pit.
 24607 | Lair:4   | Identified the +5 longbow "Wighiys" {flame, rF+}
 24823 | Lair:4   | Found a viscous altar of Jiyva.
 24826 | Lair:4   | Found a staircase to the Slime Pits.
 25197 | Lair:4   | Reached skill level 10 in Invocations
 25612 | Lair:5   | Entered Level 5 of the Lair of Beasts
 25889 | Lair:5   | Reached skill level 10 in Spellcasting
 26093 | Lair:5   | Reached XP level 15. HP: 64/64 MP: 15/29
 26141 | Lair:5   | Learned a level 4 spell: Petrify
 26553 | Lair:5   | Reached skill level 13 in Stealth
 27276 | D:11     | Noticed Harold
 27379 | D:11     | Killed Harold
 27467 | D:11     | Identified the ring "Exzir" {+Blink Will+}
 27743 | D:11     | Found the +9 scales of the Dragon King {rPois rF+ rC+
                  | Will+}
 28391 | D:12     | Noticed Rupert
 28410 | D:12     | Mangled by Rupert

Illustrated notes

Levels and vault maps discovered:
D:1:      sevenhm_arrival_forest_fort_small_6, layout_basic, serial_shops,
          shop_scrolls, st_stairs_9
D:2:      layout_basic, serial_shops, nicolae_shop_behind_doors,
          minmay_rat_gold_closets, uniq_natasha
D:3:      layout_basic, slow_altar_2, hellmonk_ecumenical_altar_crossroads,
          minmay_hedge_maze, uniq_robin
D:4:      layout_loops_ring, uniq_menkaure, uniq_edmund, uniq_duvessa
D:5:      nicolae_cairo_tiling_large, layout_basic,
          mainiacjoe_overflow_small_starburst, minmay_temple_entry_tees
D:6:      corexii_shantytown, layout_basic, grunt_temple_overflow_open,
          uniq_maggie, uniq_blork_the_orc
D:7:      layout_loops_ring, minmay_shop_grid_forest, uniq_pikel
D:8:      layout_basic, nicolae_overflow_squiral
D:9:      layout_loops_ring, uniq_prince_ribbit1
D:10:     layout_roguey, minmay_lair_entry_grove, uniq_josephine
D:11:     minmay_cut_squares, layout_rooms, grunt_decor_junction,
          bh_circular_ruins, uniq_harold
D:12:     layout_rooms, uniq_rupert
Temple:   nicolae_temple_superstar
Lair:1:   layout_gridlike, infiniplex_staircase_pool_2, uniq_joseph
Lair:2:   layout_regular_city, elwin_shoals_entry_rooms, minivault_24,
          beast_lair_carwin_3, lemuel_fruit_fields, serial_bayou_shore_a
Lair:3:   nzn_winding_woodlands_large [nzn_winding_woodlands_5x5_default,
          nzn_winding_woodlands_5x15_pockets, nzn_winding_woodlands_5x5_cross,
          nzn_winding_woodlands_center_pierced_h,
          nzn_winding_woodlands_15x15_killbox,
          nzn_winding_woodlands_center_garden,
          nzn_winding_woodlands_5x5_open_star,
          nzn_winding_woodlands_5x15_longhouse,
          nzn_winding_woodlands_5x5_perimeter], layout_chaotic_city,
          minmay_shattered_shrine, uniq_nessos
Lair:4:   layout_loops_ring, minmay_slime_entry_pillars, beast_lair_carwin_2
Lair:5:   minmay_lair_end_enchanted_forest, layout_loops_ring,
          lemuel_fruit_fields, serial_bayou_shore_b
Orc:1:    layout_diamond_mine, uniq_nergalle
Orc:2:    st_orc_elflike, layout_caves, uniq_snorg

Skill      XL: |  1  2  3  4  5  6  7  8  9 10 11 12 13 14 15 |
---------------+----------------------------------------------+-----
Transmutations | 1 2 3 4 5 6 7 |  7.3
Dodging        | 2 3 4 5 6 7 8 9 |  9.5
Earth Magic    | 4 5 6 7 8 9 10 11 | 11.0
Stealth        | 3 4 5 7 8 9 10 11 12 13 | 13.2
Conjurations   | 1 3 4 5 6 7 8 9 |  9.3
Spellcasting   | 4 5 6 7 8 9 10 | 10.5
Invocations    | 3 4 6 7 8 10 11 | 11.0
Translocations | 3 4 6 7 |  7.0

Action                   |  1- 3 |  4- 6 |  7- 9 | 10-12 | 13-15 || total
-------------------------+-------+-------+-------+-------+-------++-------
Melee: Unarmed           |       |    16 |       |       |     2 ||    18
       Kick              |       |       |       |       |     1 ||     1
 Cast: Sandblast         |    39 |    94 |    31 |       |    27 ||   191
       Stone Arrow       |       |    11 |   140 |   299 |   525 ||   975
       Passwall          |       |     2 |       |       |       ||     2
       Blink             |       |     1 |       |       |     2 ||     3
       Static Discharge  |       |       |       |       |     3 ||     3
       Petrify           |       |       |       |       |    17 ||    17
Invok: Ancestor Life: Kn |       |       |       |     1 |       ||     1
 Abil: Evoke Blink       |       |       |       |       |     1 ||     1
  Use: Scroll            |     4 |     5 |     5 |     9 |     4 ||    27
       Potion            |       |     2 |     5 |     2 |     2 ||    11
Armor: Robe              |     3 |    18 |    44 |    36 |   120 ||   221
Dodge: Dodged            |     3 |    23 |    64 |    45 |   169 ||   304
